 Dungeon Crawl Stone Soup version 0.20-a0-642-g4ff03ff (console) character file.

105 nht the Chopper (level 5, -2/41 HPs)
             Began as a Formicid Fighter on Feb 14, 2017.
             Slain by an ogre
             ... wielding a +0 giant club
              (13 damage)
             ... on level 4 of the Dungeon.
             The game lasted 00:02:44 (1814 turns).

nht the Chopper (Formicid Fighter)                  Turns: 1814, Time: 00:02:44

Health: -2/41      AC: 11    Str: 26    XL:     5   Next: 8%
Magic:  5/5        EV:  5    Int:  8    God:
Gold:   153        SH: 10    Dex: 10    Spells: 4/4 levels left

rFire    . . .     SeeInvis +   a - +0 war axe
rCold    . . .     Gourm    .   j - +0 plate armour
rNeg     . . .     Faith    .   c - +0 shield
rPois    .         Spirit   .   (helmet unavailable)
rElec    .         Reflect  .   b - scarf {repulsion}
rCorr    .         Harm     .   (no gloves)
MR       .....                  (no boots)
Stlth    ..........             (no amulet)
Regen    0.2/turn               (no ring)
MPRegen  0.1/turn               (no ring)

@: mighty, repel missiles
A: permanent stasis, dig shafts and tunnels, four strong arms, antennae 3
a: Dig, Shaft Self


You were on level 4 of the Dungeon.
You were not hungry.

You visited 1 branch of the dungeon, and saw 4 of its levels.

You collected 153 gold pieces.

Inventory:

Hand Weapons
 a - a +0 war axe (weapon)
Armour
 b - a scarf of repulsion (worn)
 c - a +0 shield (worn)
 j - a +0 plate armour (worn)
Scrolls
 e - a scroll of magic mapping {unknown}
 h - 2 scrolls of teleportation {unknown}
 l - 2 scrolls of enchant armour {unknown}
 m - 2 scrolls of remove curse {unknown}
Potions
 d - a potion of might
 k - 2 potions of brilliance {unknown}
 n - a potion of invisibility {unknown}
Comestibles
 f - 2 bread rations
 g - 3 chunks of flesh
 i - 3 meat rations


   Skills:
 - Level 3.2 Fighting
 + Level 4.8 Axes
 - Level 3.2 Armour
 - Level 3.6 Shields


You had 4 spell levels left.
You didn't know any spells.

Dungeon Overview and Level Annotations

Branches:
Dungeon (4/15)
 Temple: D:4-7

Altars:
Ashenzari
The Shining One


Innate Abilities, Weirdness & Mutations

You cannot be hasted, slowed, berserked, paralysed or teleported.
You can dig through walls and to a lower floor.
Your four strong arms can wield two-handed weapons with a shield.
You have a pair of large antennae on your head. (SInv)


Message History

You closely miss the leopard gecko.
The leopard gecko bites you but does no damage.
The ogre hits you with a giant club.
* * * LOW HITPOINT WARNING * * *
You block the leopard gecko's attack.
Your shield and plate armour prevent you from hitting the ogre.
The ogre is lightly wounded.
Your shield and plate armour prevent you from hitting the leopard gecko.
The leopard gecko bites you but does no damage.
You block the ogre's attack.
Unknown command.
You slice the ogre!!
The ogre is almost dead.
You slash the leopard gecko!
You kill the leopard gecko!
You block the ogre's attack.
You barely miss the ogre.
The ogre is almost dead.
The ogre hits you with a giant club!
You die... ███████████████████

█..................
█.█████████████████
█.█ █.█ █.█████ ███
█.█†..█ █.. █.@...█
█.█ ███O..█ █.█
...█ ███████.█
..... .........
...█.......███.█
...█


████ █.█ █... █.█ █... { █.█ █.█ You could see an ogre.

Vanquished Creatures
  2 adders
  A gnoll (D:1)
  2 worms
  2 dart slugs
  2 leopard geckos
  An orc (D:3)
  3 bats
  15 giant cockroaches
  3 hobgoblins
  3 jackals (D:1)
  3 quokkas (D:3)
  3 frilled lizards
  8 goblins
  7 kobolds
  5 rats
60 creatures vanquished.

Notes
Turn   | Place    | Note
-------+----------+-------------------------------------------
     0 | D:1      | nht the Formicid Fighter began the quest for the Orb.
     0 | D:1      | Reached XP level 1. HP: 18/18 MP: 1/1
     0 | D:1      | Noticed an ice dragon
     0 | D:1      | Noticed a yellow draconian
     5 | D:1      | Noticed a shadow dragon
     7 | D:1      | Noticed an orb of fire
    11 | D:1      | Noticed an iron dragon
    13 | D:1      | Noticed an iron dragon
    15 | D:1      | Noticed a large abomination
    15 | D:1      | Noticed an iron dragon
    17 | D:1      | Noticed an ice dragon
    19 | D:1      | Noticed a tentacled monstrosity
    19 | D:1      | Noticed a shadow dragon
   119 | D:1      | Reached XP level 2. HP: 15/24 MP: 2/2
   141 | D:1      | Reached skill level 3 in Axes
   412 | D:1      | Reached XP level 3. HP: 29/29 MP: 3/3
   806 | D:2      | Reached XP level 4. HP: 35/35 MP: 4/4
   829 | D:2      | Found a shattered altar of Ashenzari.
   832 | D:2      | Reached skill level 4 in Axes
  1126 | D:3      | Found a glowing golden altar of the Shining One.
  1515 | D:3      | Reached XP level 5. HP: 41/41 MP: 5/5
  1804 | D:4      | Noticed an ogre
  1814 | D:4      | Slain by an ogre

Vault maps used:
D:1:      shiori_arrival_whats_in_store_for_you
D:2:      evilmike_ruin_ashenzari
D:3:      minmay_roachtagon, overflow_temple_1_default
D:4:      grunt_temple_overflow_bloody_war, lemuel_crystal_altar,
          temple_statues, uniq_pikel

Skill      XL: |  1  2  3  4 |
---------------+-------------+-----
Axes           | 3 4 |  4.8
Fighting       | |  3.2
Armour         | |  3.2
Shields        | |  3.6

Action                   |  1- 3 |  4- 6 || total
-------------------------+-------+-------++-------
Melee: War axe           |    86 |   128 ||   214
  Use: Potion            |       |     1 ||     1
  Eat: Chunk             |       |     3 ||     3
Armor: Scale mail        |     4 |       ||     4
       Plate armour      |    61 |    83 ||   144
Dodge: Dodged            |    11 |    18 ||    29
       Deflected         |       |     1 ||     1
Block: Shield            |    40 |    55 ||    95
